[Event "Paul Kerese Mälestusfestival 2022 Kiirturniir"]
[Site "Pärnu, Estonia Resort Hotel & Spa"]
[Date "????.??.??"]
[Round "6.5"]
[White "Olde, Karl Erik"]
[Black "Shirov, Alexei"]
[Result "1-0"]
[TimeControl "15 minutit partiile + 3 sek käigule"]
[BlackTitle "GM"]
[BlackFideId "2209390"]
[WhiteElo "1804"]
[BlackElo "2621"]

1. d4 d5 2. c4 c6 3. e3 Nf6 4. Nf3 Bf5 5. Nc3 e6 6.
cxd5 exd5 7. Bd3 Bg6 8. O-O Nbd7 9. a3 Bd6 10. b4 b5 11. Re1 Ne4 12. Qc2 f5 13. Ne2 Rc8 14. Nf4 Bf7 15.
Bb2 Qc7 16. Ne5 Nxe5 17. dxe5 Bxe5 18. Bxe5 Qxe5 19. Bxb5 O-O 20. Ba6 Rc7 21. Nd3 Qf6 22. Nc5 Bg6 23. Bd3 Re7 24. Rad1 Ng5 25.
Nb3 Bh5 26. Be2 Bg6 27. Bd3 Bh5 28. Be2 Be8 29. Nd4 f4 30. exf4 Qxf4 31. Nf3 Rxe2 32. Qxe2 Bh5 33. Rd3 Bxf3 34.
Rxf3 Nxf3+ 35. Qxf3 Qxf3 36. gxf3 Kf7 37. Rc1 Rc8 38. Kf1 Ke6 39. Ke2 Kd6 40. Rc5 Re8+ 41. Kd2 Re7 42. Ra5 Ke5 43. Kd3 Kf4 44. Rc5 Kxf3 45.
Rxc6 Kxf2 46. Rc2+ Kf3 47. Kd4 g5 48. Kxd5 g4 49. b5 Rd7+ 50. Kc6 Rd3 51. a4 Ra3 52. Rc4 Ra2 53.
Kb7 Rxh2 54. Kxa7 g3 55. Rc3+ Kf4 56. Rc4+ Kf3 57. Rc3+ Kg4 58. Rc4+ Kh3 59. Rc7 h5 60. b6 Ra2 61. Rc4 g2 62. Rc3+ Kh2 63. Rc1 Rxa4+ 1-0

[Event "Paul Kerese Mälestusfestival 2022 Kiirturniir"]
[Site "Pärnu, Estonia Resort Hotel & Spa"]
[Date "????.??.??"]
[Round "6.6"]
[White "Golubovskis, Maksims"]
[Black "Protassov, Vlad"]
[Result "1/2-1/2"]
[TimeControl "15 minutit partiile + 3 sek käigule"]
[WhiteTitle "FM"]
[WhiteElo "2209"]
[BlackElo "1828"]

1. e4 c6 2. d4 d5 3. e5 Bf5 4. Nf3 e6 5. Be2 Nd7 6. O-O h6 7. Nbd2 a6 8. Nb3 c5 9. c4 dxc4 10. Bxc4 b5 11. Be2 c4 12. Nbd2 Ne7 13. Nh4 Bh7 14. Bf3 Rb8 15. Ne4 Nd5 16. g3 Be7 17. Ng2 O-O 18. Ne3 N7b6 19.
Bg2 Qc7 20. f4 b4 21. g4 c3 22. Nxd5 Nxd5 23. f5 cxb2 24. Bxb2 Ne3 25. Qf3 Nxf1 26. Rxf1 Qc2 27. Rf2 Qb1+ 28.
Bf1 Bh4 29. Re2 Rbc8 30. Qh3 Rc2 31. Rxc2 Qxc2 32. Qg2 Rc8 33. Nc5 Qxg2+ 34. Kxg2 exf5 35. Bxa6 Rd8 36. gxf5 Bxf5 37. Bc4 Be7 38.
Na4 Be6 39. Nb6 Rb8 40. Nd5 Bf8 41.
Kf3 Rc8 42. Bb3 Rd8 43. Ke4 Rc8 44. Nb6 Bxb3 45. Nxc8 Bxa2
46. d5 Bb3 47. d6 Be6 48. Nb6 f6 49. Nd5 Kf7 50. Nc7 b3 51.
Nb5 Ke8 52. exf6 gxf6 53. Bxf6 Kd7 54. Be5 b2 55. Bxb2 Bxd6 1/2-1/2

[Event "Paul Kerese Mälestusfestival 2022 Kiirturniir"]
[Site "Pärnu, Estonia Resort Hotel & Spa"]
[Date "????.??.??"]
[Round "6.7"]
[White "Medar, Marti"]
[Black "Heinmets, Tõnu"]
[Result "1/2-1/2"]
[TimeControl "15 minutit partiile + 3 sek käigule"]
[WhiteElo "2053"]
[BlackElo "1993"]

1. d4 Nf6 2. Bf4 d6 3. Nc3 Nbd7 4. Nf3 c5 5. e3 g6 6. Be2 Bg7 7. h3 O-O 8. O-O cxd4 9. exd4 Nb6 10.
a4 Bf5 11. a5 Nbd5 12. Nxd5 Nxd5 13. Bd2 Rc8 14. c4 Nf6 15. Qb3 Ne4 16. Be3 b6 17. axb6 axb6 18. Ra7 Rb8 19. Rfa1 e5 20.
Qb5 exd4 21. Nxd4 Nc5 22. Nc6 Bd7 23. Rd1 Bxc6 24. Qxc6 Bxb2 25. Rxd6 Qc8 26. Rc7 Qf5 27. Rd5 Qb1+ 28.
Rd1 Qc2 29. Rd2 Qb1+ 30. Rd1 Qc2 31. Rd2 1/2-1/2

[Event "Paul Kerese Mälestusfestival 2022 Kiirturniir"]
[Site "Pärnu, Estonia Resort Hotel & Spa"]
[Date "????.??.??"]
[Round "6.8"]
[White "Vohla, Mihkel"]
[Black "Kivioja, Endel"]
[Result "1-0"]
[TimeControl "15 minutit partiile + 3 sek käigule"]
[WhiteElo "1720"]
[BlackElo "2142"]

1. e4 d6 2. f4 Nf6 3. Nc3 g6 4.
Nf3 Bg7 5. d4 c5 6. dxc5 Qa5 7. Bb5+ Nbd7 8. O-O dxc5 9.
e5 Ng4 10. h3 Nh6 11. Be3 a6 12. Bd3 Nf5 13. Bxf5 gxf5 14. Ng5 h6 15. Nxf7 Kxf7 16. Qh5+ Kg8 17. Nd5 Nf8 18. Nxe7+ Kh7 19. Nxc8 Rxc8 20. Qxf5+ Ng6 21. h4 Rhf8 22. Qe4 Qb4 23. c4 h5 24.
f5 Nxe5 25. f6+ Ng6 26. fxg7 Kxg7 27. b3 Qc3 28. Rad1 Rxf1+ 29. Rxf1 Rc7 30. Bg5 Qd4+ 31. Qxd4+ cxd4 32. Bf6+ Kg8 33. Rd1 Rf7 34. Bxd4 Nxh4 35.
Re1 Nf5 36. Bc3 Kh7 37. Re6 h4 38. Kh2 Rd7 39. Rf6 Nh6 40. Rb6 Nf5 41. Be1 Rd1 42. Rxb7+ Kg6 43. Ba5 Ng3 44. Kh3 Nf5 45. Kg4 Rd4+ 46. Kf3 Rd3+ 47. Ke2 Rg3 48. Rb6+ Kh5 49. Kf2 Ne3 50. Bd2 Ng4+ 51.
Kf1 Nh2+ 52. Ke1 Rxg2 53. Rh6+ Kg4 54. Rg6+ Kf3 55. Rxg2 Kxg2 56. Bf4 Nf1 57. c5 h3 58. c6 Ng3 59. Bxg3 Kxg3 60. c7 h2 61. c8=Q h1=Q+ 62. Kd2 Qg2+ 63. Kc3 Qxa2 64. Kb4 Kf4 65. Qc4 Ke5 66. Kc5 a5 67. Kb5 Kd6 68. Kb6 Kd7 69. Qc6+ Kd8 70. Qb5 Qf2+ 71. Kxa5 Qd2+ 72. Ka6 Qa2+ 73. Kb7 Qg2+ 74. Kb6 Qf2+ 75.
Kb7 Qf3+ 76. Ka7 Qf7+ 77. Ka6 Qf4 78. b4 Qh2 1-0

[Event "Paul Kerese Mälestusfestival 2022 Kiirturniir"]
[Site "Pärnu, Estonia Resort Hotel & Spa"]
[Date "????.??.??"]
[Round "7.2"]
[White "Maiorov, Nikita"]
[Black "Kantans, Toms"]
[Result "0-1"]
[TimeControl "15 minutit partiile + 3 sek käigule"]
[WhiteTitle "GM"]
[BlackTitle "GM"]
[WhiteElo "2431"]
[BlackElo "2422"]

1. d4 Nf6 2. c4 e6 3. Nc3 Bb4 4. Qc2 c5 5. dxc5 Na6 6. a3 Bxc3+ 7. Qxc3 Nxc5 8. f3 d6 9. e4 O-O 10. Be3 Qc7 11. Nh3 e5 12. Nf2 a5 13.
Be2 Be6 14. O-O Rfc8 15. Rac1 a4 16. Rc2 Ra6 17. Rd1 Nfd7 18. Bf1 Rc6 19. Qb4 Ra8 20. Qe1 Nb3 21. Qb4 Nb6 22. h4 h5 23.
Qe1 Nxc4 24. Bxc4 Bxc4 25. g4 Rd8 26. gxh5 d5 27. Ng4 d4 28. Bg5 f6 29. Bc1 Be6 30. Nxf6+ gxf6 31. Rg2+ Kf8 32. Bh6+ Ke7 33. Rg7+ Bf7 34. Qg3 Kd6 35. f4 Kc5 36. fxe5 fxe5 37. Rf1 Rd7 38. Rf5 Rxh6 39. Qe1 b5 40.
Rgg5 Kb6 41. Qb4 Qc1+ 42. Kg2 Bc4 43. Rf2 Rhd6 44. Rg6 Rxg6+ 45. hxg6 Qe3 46. Rf6+ Kb7 47. Qf8 Qxe4+ 48. Kg3 Bd5 49. h5 Nd2 50. g7 Qg2+ 51. Kh4 Qh2+ 52.
Kg5 Ne4+ 53. Kh6 Nxf6 54. Qxf6 Qf4+ 55. Qxf4 exf4 56. Kg6 f3 57. h6 Bg8 0-1

[Event "Paul Kerese Mälestusfestival 2022 Kiirturniir"]
[Site "Pärnu, Estonia Resort Hotel & Spa"]
[Date "????.??.??"]
[Round "7.3"]
[White "Shirov, Alexei"]
[Black "Agafonov, Yuri"]
[Result "1-0"]
[TimeControl "15 minutit partiile + 3 sek käigule"]
[WhiteTitle "GM"]
[WhiteFideId "2209390"]
[WhiteElo "2621"]
[BlackElo "2018"]

1. e4 g6 2. d4 Bg7 3.
Nc3 d6 4. f4 a6 5. Nf3 Nd7 6. a4 e6 7. h4 b6 8. h5 Bb7 9. Bd3 Ngf6 10. h6 Bf8 11. Qe2 Be7 12. f5 gxf5 13.
exf5 Rg8 14. fxe6 fxe6 15. Ng5 Nf8 16. d5 Nxd5 17. Nxe6 Nxc3 18. Qh5+ Ng6 19. Nxd8 Rxd8 20. bxc3 1-0

[Event "Paul Kerese Mälestusfestival 2022 Kiirturniir"]
[Site "Pärnu, Estonia Resort Hotel & Spa"]
[Date "????.??.??"]
[Round "7.4"]
[White "Olde, Grete"]
[Black "Vohla, Mihkel"]
[Result "0-1"]
[TimeControl "15 minutit partiile + 3 sek käigule"]
[WhiteTitle "WCM"]
[WhiteElo "2054"]
[BlackElo "1720"]

1. e4 e6 2. d4 d5 3. exd5 exd5 4. Bd3 Nf6 5. c3 Be7 6. Nf3 O-O 7. O-O Bg4 8. Bg5 Nbd7 9. Nbd2 c5 10.
Qc2 h6 11. Bf4 Rc8 12. Rfe1 Re8 13. Bf5 cxd4 14. Nxd4 Qb6 15. N2b3 a5 16. a4 Bxf5 17. Nxf5 Bf8 18. Nbd4 Bc5 19.
Nf3 Ne4 20. Be3 Qg6 21. Bxc5 Qxf5 22. Bd4 Ndf6 23. Nd2 Qh5 24. Nxe4 Nxe4 25. Re3 Nd6 26. Rae1 Rxe3 27. Bxe3 Re8 28.
f3 Qh4 29. g3 Qf6 30. Qf2 Nc4 31. f4 Re4 32. b3 Nd6 33. Bd4 Qe6 34. Rxe4 Qxe4 35. Qe3 Qb1+ 36. Kg2 Ne4 37. c4 Qc2+ 38.
Kh3 dxc4 39. bxc4 f5 40. Ba1 Qxc4 41. Qb6 Qf1+ 42. Kh4 g5+ 43. Kh5 Qxa1 44. Kxh6 Qh8+ 45. Kg6 Qh7# 0-1

[Event "Paul Kerese Mälestusfestival 2022 Kiirturniir"]
[Site "Pärnu, Estonia Resort Hotel & Spa"]
[Date "????.??.??"]
[Round "7.5"]
[White "Chukavin, Kirill"]
[Black "Mikko, Rondo"]
[Result "1/2-1/2"]
[TimeControl "15 minutit partiile + 3 sek käigule"]
[WhiteTitle "FM"]
[WhiteElo "2418"]
[BlackElo "1893"]

1. e4 c6 2. d4 d5 3.
exd5 cxd5 4. Bd3 g6 5. c3 Bg7 6.
Bf4 Nc6 7. Nf3 Nh6 8. Qd2 Nf5 9. O-O O-O 10. Na3 a6 11. Nc2 Nd6 12. Rae1 Bg4 13. Ne5 Nxe5 14. Bxe5 f6 15. Bg3 Qd7 16.
Ne3 Be6 17. h4 f5 18. Bxd6 Qxd6 19. f4 Bd7 20. g3 e6 21. Ng2 h5 22. Re3 Kf7 23. Ne1 Bf6 24. Nf3 b5 25. Rfe1 Rfe8 26.
R3e2 Rec8 27. Rf1 Kg7 28. Re3 a5 29. a3 Rab8 30. b4 axb4 31. axb4 Ra8 32. Rc1 Ra3 33. Qb2 Qa6 34. Rc2 Ra1+ 35.
Kg2 Qa3 36. Qxa3 Rxa3 37. Be2 Be7 38. Ne5 Be8 39. Nd3 Bd7 40. Nc5 Bxc5 41. dxc5 d4 42. Rd3 Bc6+ 43. Bf3 dxc3 44. Bxc6 Rxc6 45. Rcxc3 Ra4 46. Rd4 Kf6 47. Kf3 e5 48. fxe5+ Kxe5 49. Rcd3 Ra1 50. Rd5+ Ke6 51. Kf4 Rb1 52. Rd6+ Rxd6 53. Rxd6+ Kf7 54. Kg5 Rxb4 55.
Rf6+ Ke7 56. Kxg6 Rg4+ 57. Kxf5 Rxg3 58. Re6+ Kd7 59. Rb6 Rg4 60. Rxb5 Kc6 61. Rb6+ 1/2-1/2

[Event "Paul Kerese Mälestusfestival 2022 Kiirturniir"]
[Site "Pärnu, Estonia Resort Hotel & Spa"]
[Date "????.??.??"]
[Round "7.6"]
[White "Paan, Karel"]
[Black "Golubovskis, Maksims"]
[Result "0-1"]
[TimeControl "15 minutit partiile + 3 sek käigule"]
[BlackTitle "FM"]
[WhiteElo "1803"]
[BlackElo "2209"]

1. d4 Nf6 2. f4 d6 3. Nf3 g6 4. g3 Bg7 5. Bg2 O-O 6. O-O Nbd7 7. Nbd2 e5 8. e3 Qe7 9. h3 Rb8 10. Re1 b5 11.
b4 Nd5 12. Ba3 Nc3 13. Qc1 Nb6 14. Bb2 Nca4 15. Rb1 Nxb2 16. Qxb2 Bb7 17. Qa3 Ra8 18. Rbc1 e4 19. Nh2 d5 20.
Bf1 a5 21. Bxb5 axb4 22. Qb2 c5 23. c4 bxc3 24. Qxc3 cxd4 25. exd4 Rxa2 26. Nhf3 Qa3 27. Nxe4 dxe4 28. Ne5 Nd5 29.
Qxa3 0-1

[Event "Paul Kerese Mälestusfestival 2022 Kiirturniir"]
[Site "Pärnu, Estonia Resort Hotel & Spa"]
[Date "????.??.??"]
[Round "7.7"]
[White "Shvyrjov, Igor"]
[Black "Paikens, Reinis"]
[Result "1-0"]
[TimeControl "15 minutit partiile + 3 sek käigule"]
[WhiteTitle "GM"]
[WhiteElo "2153"]
[BlackElo "1847"]

1. d4 d5 2. Bg5 Nf6 3. Bxf6 exf6 4. e3 c6 5. c4 Bb4+ 6. Nc3 O-O 7. Qb3 Bxc3+ 8. bxc3 dxc4 9. Bxc4 Nd7 10.
Nf3 Nb6 11. Be2 Qc7 12. O-O Bf5 13. c4 Rfe8 14. a4 Nc8 15. a5 Nd6 16. c5 Ne4 17. Ra2 g5 18. Bc4 Re7 19. Rfa1 Rb8 20.
Rb2 Kg7 21. Ne1 h5 22. f3 Ng3 23. hxg3 Qxg3 24. e4 h4 25. Qc2 Bd7 26. Qf2 Qc7 27. Nd3 Rh8 28. d5 Ree8 29. d6 Qd8 30.
Rxb7 h3 31. g4 h2+ 32. Kh1 Rh4 33. Rxa7 Reh8 34. e5 Rh3 35. e6 Be8 36. exf7 Bd7 37. f8=Q+ Rxf8 38. Be6 Rf7 39. Bxf7 Kxf7 40.
Re1 Kg8 41. Qa2+ Kh8 42. Kg2 Bxg4 43. fxg4 Rxd3 44. Rae7 Rd1 45. Rxd1 f5 46. Qb2+ Kg8 1-0

[Event "Paul Kerese Mälestusfestival 2022 Kiirturniir"]
[Site "Pärnu, Estonia Resort Hotel & Spa"]
[Date "????.??.??"]
[Round "7.8"]
[White "Kraini, Juri"]
[Black "Medar, Marti"]
[Result "0-1"]
[TimeControl "15 minutit partiile + 3 sek käigule"]
[WhiteElo "1690"]
[BlackElo "2053"]

1. e4 d6 2. d4 Nf6 3. Nc3 Nbd7 4. Nf3 e5 5. dxe5 dxe5 6. Bc4 Be7 7. Bxf7+ Kxf7 8. Ng5+ Kg8 9. Ne6 Qe8 10. Nxc7 Qg6 11. O-O Rb8 12.
Be3 b6 13. N7b5 a6 14. Nd6 Nc5 15. f4 Bg4 16. Nd5 Bxd6 17. Nxf6+ Qxf6 18. Qxg4 h5 19. Qd1 exf4 20. g3 Rd8 21.
Qd5+ Ne6 22. gxf4 Bc5 23. Qb3 Qg6+ 24. Kf2 Qxe4 25. Bxc5 Rd2+ 26. Kg3 Qg2+ 0-1

[ePGN "0.1;DGT LiveChess/2.2.5"]

[Event "Paul Kerese Mälestusfestival 2022 Välkturniir"]
[Site "Paul Kerese Mälestusfestival 2022 Kiirturniir"]
[Date "2022.07.24"]
[Round "1.1"]
[White "Agrest, Evgenij"]
[Black "Randma, Urmas"]
[Result "1-0"]
[TimeControl "3 min + 2 sek iga käigu eest"]
[WhiteTitle "GM"]
[WhiteElo "2574"]
[BlackElo "1461"]

1. Nf3 Nf6 2. b3 g6 3.
Bb2 Bg7 4. g3 O-O 5. Bg2 d6 6. d4 Re8 7. O-O Bg4 8. Nbd2 c6 9. h3 Bd7 10. e4 e5 11.
dxe5 dxe5 12. Bxe5 Na6 13. Re1 Qc8 14. h4 Nc5 15. Bxf6 Bxf6 16. e5 Bg7 17. Nc4 Bf8 18. Nd6 Bxd6 19. Qxd6 Na6 20. Ng5 Be6 21.
Rad1 Qc7 22. Nxe6 Rxe6 23. Qxc7 Nxc7 24. Rd7 Nd5 25. Bxd5 cxd5 26. Rxd5 1-0

[Event "Paul Kerese Mälestusfestival 2022 Välkturniir"]
[Site "Paul Kerese Mälestusfestival 2022 Kiirturniir"]
[Date "2022.07.24"]
[Round "1.2"]
[White "Rezniks, Roberts"]
[Black "Maiorov, Nikita"]
[Result "0-1"]
[TimeControl "3 min + 2 sek iga käigu eest"]
[BlackTitle "GM"]
[WhiteElo "1433"]
[BlackElo "2417"]

1. e4 c6 2. d4 d5 3. Nc3 dxe4 4. Nxe4 Bf5 5. Ng3 Bg6 6. h4 h6 7. Nf3 Nd7 8. h5 Bh7 9. Bd3 Bxd3 10. Qxd3 e6 11. Bd2 Ngf6 12. c4 Be7 13. O-O-O Qb6 14. Ne4 Nxe4 15. Qxe4 Qa6 16. Kb1 Qxc4 17. Rc1 Qb5 18. Qg4 Bf6 19.
Rhe1 O-O-O 20. Rc2 Nb6 21. Rec1 Qd3 22. Be3 Nd5 23. Bd2 Qf5 24. Qxf5 exf5 25. Rc5 Rhe8 26. Ba5 Rd7 0-1

[Event "Paul Kerese Mälestusfestival 2022 Välkturniir"]
[Site "Paul Kerese Mälestusfestival 2022 Kiirturniir"]
[Date "2022.07.24"]
[Round "1.3"]
[White "Bernotas, Arturs"]
[Black "Valdats, Reinis"]
[Result "0-1"]
[TimeControl "3 min + 2 sek iga käigu eest"]
[WhiteTitle "FM"]
[WhiteElo "2382"]
[BlackElo "1427"]

1. e4 c5 2. Nf3 e6 3. c3 Nf6 4.
e5 Nd5 5. g3 Nc6 6. Bg2 d6 7.
exd6 Bxd6 8. d4 O-O 9. O-O cxd4 10. Nxd4 a6 11. Nxc6 bxc6 12. c4 Ne7 13. Nc3 Bb7 14. Qe2 Qc7 15. Ne4 Nf5 16.
Nxd6 Qxd6 17. Bf4 Qe7 18. Rfd1 c5 19. Be5 Rfd8 20. b3 Bxg2 21. Kxg2 Nd4 22. Qe4 Nf5 23. Bb2 Qc7 24. Qe5 Qxe5 25.
Bxe5 Nd4 26. Rd3 Nc6 27. Rxd8+ Rxd8 28. Bc7 Rd2 29.
Bb6 Nb4 30. Bxc5 Nxa2 31. Be3 Rb2 32. c5 h6 33. c6 Nb4 34. c7 Rc2 35. Bf4 Nd5 36. Rxa6 Nxf4+ 37. gxf4 Rxc7 38. Rb6 Rc1 39. b4 Rb1 40. h4 Rb3 41. f3 Kh7 42. h5 g6 43. hxg6+ Kxg6 44. Kg3 Rb2 45. b5 h5 46. Rb8 Kf6 47. b6 Kg6 48. Kh4 Kf5 49.
Kg3 h4+ 50. Kxh4 Kxf4 51. Kh3 Kxf3 52.
b7 Rb3 53. Kh4 Kf4 0-1

[Event "Paul Kerese Mälestusfestival 2022 Välkturniir"]
[Site "Paul Kerese Mälestusfestival 2022 Kiirturniir"]
[Date "2022.07.24"]
[Round "1.4"]
[White "Valdats, Maris"]
[Black "Chukavin, Kirill"]
[Result "0-1"]
[TimeControl "3 min + 2 sek iga käigu eest"]
[BlackTitle "FM"]
[WhiteElo "1413"]
[BlackElo "2280"]

1. e4 c5 2. Nf3 e6 3.
d4 cxd4 4. Nxd4 Nf6 5. Nc3 d6 6. Be2 Nc6 7.
O-O Be7 8. Be3 O-O 9. f4 e5 10. Nxc6 bxc6 11. Qd2 Ng4 12. Bxg4 Bxg4 13. h3 Bc8 14. Rad1 Qc7 15. Qf2 exf4 16.
Qxf4 Be6 17. Bd4 Rfd8 18. Qg3 Bf8 19. b3 Kh8 20. Na4 Qa5 21. c4 Qh5 22. Nc3 Qg6 23. Qf3 Be7 24. e5 dxe5 25.
Bxe5 f6 26. Bd4 Bb4 27. Ne4 Bg8 28. Ng3 Rxd4 29. Rxd4 Bc5 30. Rfd1 Rd8 31. Nf5 Be6 32.
Kh1 Bxd4 33. Nxd4 Bg8 34. Nxc6 Rxd1+ 35. Qxd1 Qe4 36. Nb4 h6 37. Nd5 Bf7 38.
Qf3 Qe1+ 39. Kh2 Bg6 40.
Qe3 Qf1 41. Qxa7 Be4 42. Ne3 Qf4+ 43. Kg1 Qg3 44. Qd4 Bb7 45. Qg4 Qxe3+ 46. Qd7 0-1

[Event "Paul Kerese Mälestusfestival 2022 Välkturniir"]
[Site "Paul Kerese Mälestusfestival 2022 Kiirturniir"]
[Date "2022.07.24"]
[Round "1.5"]
[White "Golubovskis, Maksims"]
[Black "Dzjuba, Jegor"]
[Result "1-0"]
[TimeControl "3 min + 2 sek iga käigu eest"]
[WhiteElo "2163"]
[BlackElo "1356"]

1. c4 e6 2. g3 d5 3.
Bg2 Nf6 4. Nf3 dxc4 5. Qa4+ c6 6. Qxc4 Nbd7 7. O-O Be7 8. d4 Nb6 9. Qc2 O-O 10. Nc3 c5 11. dxc5 Bxc5 12. Bg5 Be7 13. Rfd1 Qc7 14. Qb3 Bd7 15. Bf4 Qc4 16. Qc2 Nbd5 17. Ne5 Bc6 18. Nxc4 Nxc3 19.
Qxc3 Bxg2 20. Kxg2 Nd5 21. Qf3 Rac8 22. Rac1 Rfd8 23. e4 Nf6 24. Rxd8+ Rxd8 25. Rd1 Rc8 26. b3 h6 27. e5 Nd5 28. Rxd5 exd5 29. Qxd5 Bb4 30.
e6 fxe6 31. Qxe6+ Kh7 32. Qf5+ 1-0

[Event "Paul Kerese Mälestusfestival 2022 Välkturniir"]
[Site "Paul Kerese Mälestusfestival 2022 Kiirturniir"]
[Date "2022.07.24"]
[Round "1.6"]
[White "Kokk, Karl Mattias"]
[Black "Teelem, Lauri"]
[Result "0-1"]
[TimeControl "3 min + 2 sek iga käigu eest"]
[WhiteElo "1338"]
[BlackElo "2012"]

1. e4 d5 2. exd5 Nf6 3. d4 Nxd5 4. c4 Nb6 5. Nc3 e5 6. d5 c6 7. Nf3 Bb4 8. a3 Bxc3+ 9. bxc3 O-O 10.
d6 e4 11. Ne5 N8d7 12. Nxd7 Bxd7 13. c5 Nd5 14. Bc4 Nxc3 15. Qc2 Nd5 16. Bxd5 cxd5 17. Bb2 Qg5 18. g3 Rfe8 19. Bc1 Qh5 20.
Qe2 Bg4 21. Qe3 Qe5 22. Rb1 Bf3 23. Rg1 d4 24. Qf4 0-1

[Event "Paul Kerese Mälestusfestival 2022 Välkturniir"]
[Site "Paul Kerese Mälestusfestival 2022 Kiirturniir"]
[Date "2022.07.24"]
[Round "1.7"]
[White "Petrovskis, Olegs"]
[Black "Azarkevics, Aleksejs"]
[Result "1-0"]
[TimeControl "3 min + 2 sek iga käigu eest"]
[WhiteElo "1984"]
[BlackElo "1334"]

1. d4 d5 2. c4 e6 3. Nc3 Bb4 4. Nf3 Nf6 5. Bg5 h6 6. Bxf6 Bxc3+ 7. bxc3 Qxf6 8. e3 O-O 9. Qb3 dxc4 10. Bxc4 a6 11. O-O b5 12.
Be2 Bb7 13. a4 Bd5 14. Qc2 bxa4 15. Rxa4 Nc6 16. e4 Ne7 17. exd5 Nxd5 18. Ne5 Rfd8 19. Bf3 Rab8 20. Nc6 Nb6 21.
Rxa6 Ra8 22. Rxb6 cxb6 23. Nxd8 Rxd8 24. Rb1 Rc8 25. Qd3 Qg5 26. h3 Qa5 27. c4 Qa6 28. Be2 Qa5 29. Qb3 Rb8 30.
d5 exd5 31. cxd5 Qd2 32. Bf3 g5 33. Rd1 Qf4 34. d6 Qe5 35. d7 Rd8 36. Bc6 Qe6 37.
Qxe6 fxe6 38. Rb1 1-0

[Event "Paul Kerese Mälestusfestival 2022 Välkturniir"]
[Site "Paul Kerese Mälestusfestival 2022 Kiirturniir"]
[Date "2022.07.24"]
[Round "1.8"]
[White "Jõgi, Henry"]
[Black "Olde, Margareth"]
[Result "1-0"]
[TimeControl "3 min + 2 sek iga käigu eest"]
[BlackTitle "WIM"]
[WhiteElo "1251"]
[BlackElo "1971"]

1. d4 d5 2. Bf4 e6 3. e3 Bd6 4. Bg3 c5 5. c3 Ne7 6. Nd2 O-O 7. Ngf3 Nbc6 8.
Bd3 c4 9. Bc2 Nf5 10. Qe2 b5 11. Bxd6 Qxd6 12.
e4 dxe4 13. Nxe4 Qe7 14. Ng3 h6 15. O-O Nxg3 16. fxg3 Bb7 17. Ne5 Nxe5 18. Qxe5 b4 19. Qe2 bxc3 20. bxc3 Bd5 21. Be4 Qg5 22. Bxd5 exd5 23. Qf2 Rab8 24.
Rab1 Qg6 25. Rxb8 Rxb8 26. Qf5 Rb5 27. Qxg6 fxg6 28. Re1 Kf7 29. Re5 Kf6 30.
Kf2 Rb2+ 31. Kf3 Rxa2 32. Rxd5 Rc2 33. Rd6+ Ke7 34.
Rxg6 Rxc3+ 35. Ke4 a5 36. Rxg7+ Kf6 37. Ra7 Ra3 38. d5 c3 39. d6 c2 40.
Rc7 Ra2 41. Kd3 Ke6 42. Rxc2 Ra3+ 43. Ke4 Ra4+ 44. Kd3 Kxd6 45. Rf2 Ke5 46. Re2+ Kf5 47. Ke3 Ra3+ 48. Kf2 Ra1 49. Re8 Ra2+ 50. Kf3 Ra3+ 51. Kf2 a4 52. Rh8 Kg6 53. Ra8 Ra1 54. h3 a3 55. Ra6+ Kg7 56. g4 Ra2+ 57. Kg3 Ra1 58. Kf2 a2 59. Kg3 Kf7 60. Kh2 Ke7 61. Kg3 Kd7 62. Kh4 Ke7 63. Kh5 Kf7 64. Kxh6 Kg8 65. g5 Rg1 66.
Rxa2 1-0

[Event "Paul Kerese Mälestusfestival 2022 Välkturniir"]
[Site "Paul Kerese Mälestusfestival 2022 Kiirturniir"]
[Date "????.??.??"]
[Round "2.1"]
[White "Paan, Karel"]
[Black "Agrest, Evgenij"]
[Result "0-1"]
[TimeControl "3 min + 2 sek iga käigu eest"]
[BlackTitle "GM"]
[WhiteElo "1792"]
[BlackElo "2574"]

1. Nf3 d5 2. c4 d4 3. e3 c5 4. d3 Nc6 5. Be2 e5 6. O-O h6 7. Bd2 Bd6 8. a3 a5 9. h3 Be6 10. Nh2 Nge7 11. e4 Ng6 12. Bh5 Nf4 13.
Bxf4 exf4 14. Bg4 Qd7 15. Nd2 O-O-O 16. Rb1 g6 17. Bxe6 Qxe6 18. Qa4 g5 19. Qb5 h5 20. Nb3 g4 21.
Nxa5 Nxa5 22. Qxa5 gxh3 23. f3 Rhg8 24. Rf2 Rg3 25. b4 cxb4 26. c5 Bb8 27. Qxb4 Qc6 28. Qb6 Rdg8 0-1

[Event "Paul Kerese Mälestusfestival 2022 Välkturniir"]
[Site "Paul Kerese Mälestusfestival 2022 Kiirturniir"]
[Date "????.??.??"]
[Round "2.2"]
[White "Maiorov, Nikita"]
[Black "Protassov, Vlad"]
[Result "1-0"]
[TimeControl "3 min + 2 sek iga käigu eest"]
[WhiteTitle "GM"]
[WhiteElo "2417"]
[BlackElo "1816"]

1. d4 Nf6 2. c4 e6 3. Nf3 d5 4. Nc3 Be7 5. Bf4 Nbd7 6. e3 O-O 7. c5 c6 8. h3 Re8 9. Bd3 b6 10. b4 a5 11. a3 Ba6 12. Bxa6 Rxa6 13. O-O b5 14.
Qc2 1-0

[Event "Paul Kerese Mälestusfestival 2022 Välkturniir"]
[Site "Paul Kerese Mälestusfestival 2022 Kiirturniir"]
[Date "????.??.??"]
[Round "2.3"]
[White "Chukavin, Kirill"]
[Black "Agrest, Simon"]
[Result "1-0"]
[TimeControl "3 min + 2 sek iga käigu eest"]
[WhiteTitle "FM"]
[WhiteElo "2280"]
[BlackElo "1786"]

1. e4 e5 2. Nf3 Nc6 3. Nc3 Nf6 4. d4 exd4 5. Nxd4 Bb4 6. Nxc6 bxc6 7. Bd3 O-O 8. O-O d6 9. Ne2 Bg4 10.
f3 Bc5+ 11. Kh1 Bh5 12. Bg5 h6 13. Bh4 g5 14. Bf2 Bxf2 15. Rxf2 Qe7 16. Nd4 Qe5 17. Nxc6 Qxb2 18. Ne7+ Kg7 19.
Nf5+ Kh7 20. Bc4 Bg6 21. Ne3 Qc3 22. Qe1 Qxe1+ 23. Rxe1 Rab8 24. Bb3 Rb6 25. Rd2 Nd7 26. Nc4 Rb7 27. Na5 Rb6 28. Nc4 Rb7 29. Ne3 Nc5 30. Nd5 a5 31. Bc4 Kg7 32. h3 Rfb8 33. Nc3 Rb2 34. Bb3 Nxb3 35. axb3 Rb6 36. Na4 Rc6 37. Nxb2 1-0

[Event "Paul Kerese Mälestusfestival 2022 Välkturniir"]
[Site "Paul Kerese Mälestusfestival 2022 Kiirturniir"]
[Date "????.??.??"]
[Round "2.4"]
[White "Olde, Karl Erik"]
[Black "Golubovskis, Maksims"]
[Result "0-1"]
[TimeControl "3 min + 2 sek iga käigu eest"]
[WhiteElo "1768"]
[BlackElo "2163"]

1. d4 Nf6 2. c4 c5 3. d5 b5 4. cxb5 a6 5. e3 axb5 6. Bxb5 Qa5+ 7. Nc3 Bb7 8. Qd2 Nxd5 9. Nxd5 Bxd5 10.
Qxa5 Rxa5 11. Bf1 Rxa2 12. Rxa2 Bxa2 13. Nf3 g6 14. Bb5 Bg7 15. O-O O-O 16. Rd1 d5 17.
Ba4 e6 18. b3 c4 19. Ba3 Rc8 20. Rc1 Na6 21.
Nd2 Nc5 22. Bxc5 Rxc5 23. Rc2 c3 24. Nf3 Bb1 25. Rc1 Be4 26.
Nd4 e5 27. b4 Rc4 28. Bb3 Rxb4 29. Rxc3 exd4 0-1

[Event "Paul Kerese Mälestusfestival 2022 Välkturniir"]
[Site "Paul Kerese Mälestusfestival 2022 Kiirturniir"]
[Date "????.??.??"]
[Round "2.5"]
[White "Teelem, Lauri"]
[Black "Kraini, Juri"]
[Result "1-0"]
[TimeControl "3 min + 2 sek iga käigu eest"]
[WhiteElo "2012"]
[BlackElo "1692"]

1. d4 Nf6 2. c4 e6 3.
Nc3 Bb4 4. a3 Bxc3+ 5. bxc3 d5 6. e3 c5 7. cxd5 exd5 8. Bd3 O-O 9. Ne2 Nc6 10. O-O Bg4 11. f3 Bh5 12. Ng3 Bg6 13.
Ra2 Re8 14. Re2 cxd4 15. cxd4 Qb6 16. Kh1 Rad8 17. Nf5 Bxf5 18. Bxf5 Nxd4 19. exd4 Rxe2 20. Qxe2 Qxd4 21. Bb2 Qf4 22.
Bxf6 gxf6 23. Qd3 h5 24. Rd1 h4 25. Bg4 d4 26. Qd2 Qd6 27. Qh6 d3 28. Bf5 Qxa3 29. Bh7+ Kh8 30. Bg6+ 1-0

[Event "Paul Kerese Mälestusfestival 2022 Välkturniir"]
[Site "Paul Kerese Mälestusfestival 2022 Kiirturniir"]
[Date "????.??.??"]
[Round "2.6"]
[White "Paikens, Reinis"]
[Black "Petrovskis, Olegs"]
[Result "0-1"]
[TimeControl "3 min + 2 sek iga käigu eest"]
[WhiteElo "1678"]
[BlackElo "1984"]

1. c4 e6 2. Nc3 d5 3. cxd5 exd5 4. d4 Nf6 5. g3 c6 6. Bg2 Bb4 7. Nf3 O-O 8. O-O Re8 9. Bg5 Nbd7 10. Nd2 h6 11. Bxf6 Nxf6 12. Re1 Bf5 13.
Qb3 Bxc3 14. bxc3 b6 15. e3 Rc8 16. c4 Ne4 17. Nxe4 Bxe4 18. f3 Bf5 19. Rad1 Be6 20. cxd5 cxd5 21.
Qa3 Qe7 22. Qa4 Rc4 23. Qb3 Rec8 24. Rd2 Rc3 25. Qb2 Qc7 26.
e4 Qc4 27. Bf1 Qc6 28. Bb5 Qc7 29. a4 Rxf3 30. exd5 Bxd5 31. Rf2 Rxf2 32. Qxf2 Qd6 33. Qf5 Be6 34. Qe4 Rd8 35. Rd1 Bd5 36. Qe3 Qf6 37. Rf1 Qd6 38.
Rf4 Rc8 39. Rf1 Bb7 40. Re1 Qd5 41. Re2 Qh1+ 42. Kf2 Qg2+ 43. Ke1 Qh1+ 44. Kd2 Qc1+ 45. Kd3 Rc3# 0-1